 Dungeon Crawl Stone Soup version 0.25-a0-294-gea9b1ad378 (webtiles) character file.

Game seed: 7001539405634235526, levelgen mode: deterministic

25458 night the Grappler (level 12, -16/92 HPs)
             Began as a Demonspawn Gladiator on Dec 18, 2019.
             Was a High Priest of Cheibriados.
             Demolished by a catoblepas (21 damage)
             ... on level 4 of the Lair of Beasts.
             The game lasted 00:49:32 (18566 turns).

night the Grappler (Demonspawn Gladiator)          Turns: 18566, Time: 00:49:33

Health: -16/92     AC: 15    Str: 29    XL:     12   Next: 89%
Magic:  8/20       EV:  9    Int: 31    God:    Cheibriados [*****.]
Gold:   614        SH: 10    Dex: 27    Spells: 7/11 levels left

rFire    + + .     SeeInvis .     - Unarmed
rCold    . . .     Gourm    .   H - +2 buckler {reflect}
rNeg     . . .     Faith    .   x - +0 plate armour
rPois    .         Spirit   .   G - +1 hat
rElec    .         Reflect  +   i - +0 cloak
rCorr    .         Harm     .   (no gloves)
MR       .....                  (no boots)
Stlth    ..........             (no amulet)
HPRegen  0.25/turn              m - ring of protection from fire
MPRegen  0.17/turn              B - +4 ring of intelligence

@: confusing touch, very slightly contaminated, very slow
A: horns 1, yellow scales 2, fire resistance 1, powered by death 1
a: Bend Time, Temporal Distortion, Slouch, Step From Time, Renounce Religion


You were on level 4 of the Lair of Beasts.
You worshipped Cheibriados.
Cheibriados was extremely pleased with you.
You were near starving.

You visited 3 branches of the dungeon, and saw 15 of its levels.

You collected 1001 gold pieces.
You spent 387 gold pieces at shops.

Inventory:

Hand Weapons
 b - a +2 hunting sling of freezing
Missiles
 c - 2 throwing nets
 g - 526 stones
 z - 7 silver javelins
 A - 43 poisoned darts (quivered)
 I - 7 javelins
 L - a boomerang of dispersal
 S - 9 boomerangs
 U - 8 atropa-tipped darts
 W - 35 sling bullets
Armour
 i - a +0 cloak (worn)
 x - a +0 plate armour (worn)
 F - a +2 leather armour of poison resistance
 G - a +1 hat (worn)
 H - a +2 buckler of reflection (worn)
Magical Staves
 X - an uncursed staff of energy
Jewellery
 m - a ring of protection from fire (left hand)
 o - an uncursed ring of see invisible
 r - an uncursed amulet of magic regeneration {unknown}
 v - an uncursed ring of flight
 B - a +4 ring of intelligence (right hand)
Wands
 y - a wand of polymorph (5)
 E - a wand of flame (60)
 N - a wand of paralysis (24)
 P - a wand of acid (9)
 Y - a wand of scattershot (2)
 Z - a wand of digging (3)
Scrolls
 a - 3 scrolls of amnesia
 k - 3 scrolls of blinking
 l - 5 scrolls of remove curse
 n - 3 scrolls of fear
 p - a scroll of teleportation
 t - a scroll of fog
 C - 2 scrolls of immolation {unknown}
 D - 4 scrolls of random uselessness {unknown}
 J - 2 scrolls of enchant weapon {unknown}
 M - a scroll of noise {unknown}
 Q - 2 scrolls of enchant armour {unknown}
 R - 4 scrolls of identify
 T - a scroll of magic mapping {unknown}
Potions
 e - 2 potions of agility
 f - 5 potions of flight
 j - 3 potions of curing
 q - a potion of might
 s - 2 potions of brilliance
 u - a potion of resistance
 w - 2 potions of invisibility
 K - 2 potions of berserk rage
 O - a potion of cancellation
 V - a potion of heal wounds
Comestibles
 d - 26 rations


   Skills:
 + Level 7.9 Fighting
 - Level 1.7 Throwing
 - Level 2.6 Dodging
 - Level 9.7 Shields
 * Level 12.3 Unarmed Combat
 + Level 8.1 Hexes
 + Level 11.2 Invocations


You had 7 spell levels left.
You knew the following spells:

 Your Spells              Type           Power        Failure   Level  Hunger
a - Confusing Touch       Hex            ######       4%          1    ##.....
b - Confuse               Hex            ######..     13%         3    ####...

Your spell library contained the following spells:

 Spells                   Type           Power        Failure   Level  Hunger
 Animate Skeleton         Necr           N/A          77%         1    ##.....
 Apportation              Tloc           #.....       77%         1    ##.....
 Beastly Appendage        Tmut           #.....       77%         1    ##.....
 Freeze                   Ice            #...         77%         1    ##.....
 Summon Small Mammal      Summ           #...         77%         1    ##.....
 Sticks to Snakes         Tmut           #.......     88%         2    ###....
 Gell's Gravitas          Tloc           #.........   98%         3    ####...
 Ozocubu's Armour         Chrm/Ice       #.......     98%         3    ####...
 Spider Form              Tmut/Pois      #.........   98%         3    ####...
 Metabolic Englaciation   Hex/Ice        ####......   99%         5    ######.
 Yara's Violent Unravell  Hex/Tmut       ####......   99%         5    ######.
 Hailstorm                Conj/Ice       #.......     100%        4    #####..
 Ice Form                 Ice/Tmut       #.......     100%        4    #####..
 Petrify                  Tmut/Erth      #.......     100%        4    #####..
 Summon Ice Beast         Ice/Summ       #.......     100%        4    #####..
 Blade Hands              Tmut           #.........   100%        5    ######.


Dungeon Overview and Level Annotations

Branches:
Dungeon (10/15)            Temple (1/1) D:4            Lair (4/6) D:9
 Shoals (0/4) Lair:4        Snake (0/4) Lair:2          Orc (0/2) D:10

Altars:
Ashenzari
Cheibriados
Dithmenos
Elyvilon
Fedhas
Gozag
Hepliaklqana
Kikubaaqudgha
Makhleb
Nemelex Xobeh
Okawaru
Qazlal
Ru
Sif Muna
Trog
Uskayaw
Vehumet
Wu Jian
Xom
Yredelemnul
Zin
The Shining One

Shops:
D:5 *   D:8 *   D:10 %

Portals:
Trove: D:10 (show slimy rune of Zot)


Innate Abilities, Weirdness & Mutations

You have a pair of small horns on your head.
You are mostly covered in yellow scales. (AC +3)
Your flesh is heat resistant. (rF+)
You regenerate a little health from kills.


Message History

The catoblepas gores you but does no damage.
The catoblepas smashes its foot into the ground.
The catoblepas gores you!!
* * * LOW HITPOINT WARNING * * *
You hit the catoblepas but do no damage.
You headbutt the catoblepas, but do no damage.
The catoblepas is heavily wounded.
You hit the catoblepas but do no damage.
You headbutt the catoblepas, but do no damage.
The catoblepas is heavily wounded.
The catoblepas gores you.
* * * LOW HITPOINT WARNING * * *
You hit the catoblepas but do no damage.
The catoblepas is heavily wounded.
The catoblepas gores you!
* * * LOW HITPOINT WARNING * * *
You can feel time thicken for a moment.
You feel somewhat more hungry.
Cheibriados lowers the support of your attributes as your movement quickens.
The catoblepas gores you!!
You die...

#......P.##.....
#P.....######... #P...#.#
#.#. ####....#.#### #.#..
#.#.##..###..######.
###..#....#....######
##....§...........##.#
#.....§...............
##.#P.%.@................
.........Y...............
.........................
.#.#....###.#............
##.##.## #####......#.##
# ## ##......## ########


You could see a catoblepas.

Vanquished Creatures
  Kirke (Lair:4)
  2 hydras (Lair:3)
  2 two-headed ogres (D:10)
  2 death yaks (Lair:4)
  An unseen horror (D:10)
  Maurice (D:8)
  15 spiny frogs
  2 komodo dragons
  A rime drake (Lair:2)
  A guardian mummy (D:10)
  A troll (D:10)
  4 hippogriffs
  8 blink frogs
  2 wyverns
  2 basilisks (D:9)
  13 yaks
  2 hogs
  Menkaure (D:7)
  3 nagas
  5 water moccasins
  12 porcupines
  A sky beast (D:10)
  A hornet zombie (D:9)
  2 orc warriors (D:10)
  A phantom (D:7)
  An ice beast (D:3)
  6 ogres
  9 wolves
  A centaur (D:8)
  12 crocodiles
  17 bullfrogs
  2 big kobolds (D:10)
  4 scorpions
  Dowan (D:6)
  5 killer bees (D:8)
  4 wights (D:10)
  4 howler monkeys (D:9)
  6 crimson imps
  2 centaur zombies
  A bullfrog zombie (D:10)
  6 hounds
  A jelly (D:6)
  5 orc priests
  8 orc wizards
  Natasha (twice) (D:4)
  A centaur skeleton (D:9)
  5 iguanas
  12 worker ants
  A hound zombie (D:7)
  A hound skeleton (D:8)
  Robin (D:4)
  A worker ant zombie (D:7)
  4 gnolls (D:7)
  7 adders
  3 shadow imps
  An adder skeleton (D:9)
  2 dart slugs (D:1)
  6 leopard geckos
  50 orcs
  4 giant cockroaches
  14 goblins
  13 hobgoblins
  13 jackals
  16 kobolds
  3 quokkas
  9 bats
  2 frilled lizards
  A jackal zombie (D:5)
  A quokka skeleton (D:9)
  7 rats
361 creatures vanquished.

Vanquished Creatures (others)
  3 humans (Lair:4)
  A butterfly (Lair:4)
  8 fungi
  11 plants
23 creatures vanquished.

Grand Total: 384 creatures vanquished

Notes
Turn   | Place    | Note
-------+----------+-------------------------------------------
     0 | D:1      | night the Demonspawn Gladiator began the quest for the Orb.
     0 | D:1      | Reached XP level 1. HP: 16/16 MP: 1/1
   136 | D:1      | Reached skill level 3 in Unarmed Combat
   197 | D:1      | Gained mutation: You are partially covered in yellow
                  | scales. (AC +2) [demonic ancestry]
   197 | D:1      | Reached XP level 2. HP: 22/22 MP: 2/2
   784 | D:1      | Gained mutation: You have a pair of small horns on your
                  | head. [demonic ancestry]
   784 | D:1      | Reached XP level 3. HP: 25/28 MP: 3/3
  1222 | D:2      | Found an iron altar of Okawaru.
  1439 | D:2      | Found a white marble altar of Elyvilon.
  1939 | D:3      | Found a sparkling altar of Nemelex Xobeh.
  1999 | D:3      | Noticed an ice beast
  2024 | D:3      | Killed an ice beast
  2024 | D:3      | Reached skill level 4 in Unarmed Combat
  2024 | D:3      | Reached XP level 4. HP: 6/35 MP: 4/4
  2024 | D:3      | Gained mutation: You are mostly covered in yellow scales.
                  | (AC +3) [demonic ancestry]
  2024 | D:3      | Reached XP level 5. HP: 7/41 MP: 5/5
  3122 | D:3      | Found a glowing golden altar of the Shining One.
  3177 | D:4      | Noticed an ogre
  3192 | D:4      | Killed an ogre
  3192 | D:4      | Reached skill level 5 in Unarmed Combat
  3192 | D:4      | Reached XP level 6. HP: 48/48 MP: 6/6
  3587 | D:4      | Learned a level 1 spell: Confusing Touch
  3676 | D:4      | Noticed Robin
  3793 | D:4      | Reached skill level 6 in Unarmed Combat
  3794 | D:4      | Noticed Natasha
  3801 | D:4      | Killed Robin
  3804 | D:4      | Killed Natasha
  3913 | D:4      | Found a staircase to the Ecumenical Temple.
  3972 | D:4      | Reached XP level 7. HP: 55/55 MP: 7/7
  4011 | D:4      | Noticed Natasha
  4015 | D:4      | Killed Natasha
  4250 | D:5      | Entered Level 5 of the Dungeon
  4250 | D:5      | Found a hazy altar of Hepliaklqana.
  4308 | Temple   | Entered the Ecumenical Temple
  4561 | Temple   | Became a worshipper of Cheibriados the Contemplative
  4664 | D:5      | Reached skill level 1 in Invocations
  4675 | D:5      | Reached skill level 1 in Hexes
  4685 | D:5      | Reached skill level 7 in Unarmed Combat
  4686 | D:5      | Found Qocorcho's General Store.
  4988 | D:5      | Found a shattered altar of Ashenzari.
  5191 | D:5      | Learned a level 3 spell: Confuse
  5249 | D:5      | Reached * piety under Cheibriados
  5462 | D:5      | Found a bloodstained altar of Trog.
  5561 | D:5      | Reached XP level 8. HP: 61/61 MP: 8/10
  6178 | D:6      | Found a shadowy altar of Dithmenos.
  6428 | D:6      | Reached ** piety under Cheibriados
  6482 | D:6      | Found a burning altar of Makhleb.
  6482 | D:6      | Found a shimmering altar of Xom.
  6491 | D:6      | Reached skill level 8 in Unarmed Combat
  6608 | D:6      | Noticed Dowan
  6622 | D:6      | Killed Dowan
  6765 | D:7      | Noticed Menkaure
  6773 | D:7      | Killed Menkaure
  6986 | D:7      | Reached skill level 5 in Invocations
  7392 | D:7      | You fall into a shaft and drop 2 floors!
  7452 | D:9      | Gained mutation: Your flesh is heat resistant. (rF+)
                  | [demonic ancestry]
  7452 | D:9      | Reached XP level 9. HP: 36/67 MP: 13/13
  7618 | D:8      | Reached skill level 9 in Unarmed Combat
  7630 | D:8      | Found an opulent altar of Gozag.
  7639 | D:8      | Reached *** piety under Cheibriados
  8162 | D:8      | Noticed Maurice
  8181 | D:8      | Killed Maurice
  8181 | D:8      | Reached skill level 5 in Hexes
  8298 | D:8      | Found Zuriklis's Assorted Antiques.
  8305 | D:8      | Bought a lumpy peridot amulet for 155 gold pieces
  8305 | D:8      | Bought a runed buckler for 232 gold pieces
  8586 | D:7      | Reached **** piety under Cheibriados
  8596 | D:7      | Found a blossoming altar of Fedhas.
  8778 | D:7      | Reached skill level 1 in Shields
  9027 | D:8      | Found a blossoming altar of Fedhas.
  9275 | D:9      | Reached XP level 10. HP: 64/73 MP: 16/16
  9326 | D:9      | Found a staircase to the Lair.
  9444 | D:9      | Reached skill level 5 in Shields
 10366 | D:9      | Got a blackened whip
 10367 | D:9      | Identified the +11 whip "Itytuege" {speed, rN+} (You found
                  | it on level 9 of the Dungeon)
 10646 | D:10     | Entered Level 10 of the Dungeon
 10710 | D:10     | Found a portal to a secret trove of treasure.
 10990 | D:10     | Found Qytzeagg's Food Emporium.
 11274 | D:10     | Noticed a two-headed ogre
 11282 | D:10     | Killed a two-headed ogre
 11284 | D:10     | Reached ***** piety under Cheibriados
 11493 | D:10     | Found a staircase to the Orcish Mines.
 11555 | D:10     | Noticed an unseen horror
 11575 | D:10     | Killed an unseen horror
 11833 | D:10     | Reached XP level 11. HP: 78/78 MP: 17/17
 11970 | D:10     | Noticed a two-headed ogre
 11984 | D:10     | Killed a two-headed ogre
 12297 | Lair:1   | Entered Level 1 of the Lair of Beasts
 12528 | Lair:1   | Reached skill level 5 in Fighting
 12577 | Lair:1   | Reached skill level 10 in Unarmed Combat
 13966 | Lair:2   | Found a staircase to the Snake Pit.
 15192 | Lair:2   | Reached skill level 11 in Unarmed Combat
 15563 | Lair:2   | Gained mutation: You regenerate a little health from kills.
                  | [demonic ancestry]
 15563 | Lair:2   | Reached XP level 12. HP: 85/89 MP: 19/19
 16052 | Lair:3   | Reached skill level 10 in Invocations
 16322 | Lair:3   | Noticed an eight-headed hydra
 16333 | Lair:3   | Killed an eight-headed hydra
 16739 | Lair:4   | Noticed a six-headed hydra
 16756 | Lair:3   | Killed a six-headed hydra
 17404 | Lair:4   | Found a staircase to the Shoals.
 17420 | Lair:4   | Noticed Kirke
 17440 | Lair:4   | Killed Kirke
 17440 | Lair:4   | Reached skill level 12 in Unarmed Combat
 17637 | Lair:4   | Reached ****** piety under Cheibriados
 18128 | Lair:4   | Noticed a death yak
 18132 | Lair:4   | Noticed a death yak
 18153 | Lair:4   | Killed a death yak
 18164 | Lair:4   | Killed a death yak
 18546 | Lair:4   | Noticed a catoblepas
 18566 | Lair:4   | Demolished by a catoblepas

Levels and vault maps discovered:
D:1:      roderic_chinese_lattice_arrival, layout_basic
D:2:      wander_river, layout_basic, lemuel_coloured_pillars_altar,
          nicolae_overflow_crystal_walls
D:3:      layout_loops_ring, old_standard_altar, marbit_many_paths
D:4:      layout_rooms, minmay_temple_entry_junction, uniq_robin, uniq_natasha
D:5:      layout_basic, grunt_temple_overflow_open, first_ration, serial_shops,
          shop, evilmike_ruin_ashenzari
D:6:      layout_loops_ring, grunt_temple_overflow_champion_of_chaos,
          kennysheep_mini_moat, hangedman_abyss_or_decor_lesser_grid,
          uniq_duvessa
D:7:      layout_basic, lemuel_statue_altar, uniq_menkaure
D:8:      layout_loops_corners, kennysheep_mini, old_standard_altar,
          serial_shops, shop, uniq_maurice
D:9:      layout_gridville, minmay_lair_entry_grove
D:10:     layout_roguey, hiddenorc1_lemuel, nicolae_trove_entry_path_of_doom,
          serial_shops, shop
Temple:   minmay_temple_curvy_loop
Lair:1:   layout_roguey
Lair:2:   layout_chaotic_city, minmay_snake_entry_guardpost_small,
          beast_lair_carwin_8
Lair:3:   layout_hall_layers, chequers_serial_rivers_small_a, lemuel_fruit_tree,
          grunt_megastairs_1
Lair:4:   layout_cave_pods, shoals_dummy_entry, beast_lair_carwin_10,
          lemuel_fruit_fields, uniq_kirke

Skill      XL: |  1  2  3  4  5  6  7  8  9 10 11 12 |
---------------+-------------------------------------+-----
Unarmed Combat | 3 4 5 6 7 8 9 11 12 | 12.3
Fighting       | 3 4 6 7 |  7.9
Invocations    | 2 5 8 9 11 | 11.2
Hexes          | 1 4 5 6 8 |  8.1
Shields        | 2 8 9 |  9.7
Throwing       | |  1.7
Dodging        | |  2.6

Action                   |  1- 3 |  4- 6 |  7- 9 | 10-12 || total
-------------------------+-------+-------+-------+-------++-------
Melee: Unarmed           |   152 |    72 |   311 |   680 ||  1215
       Headbutt          |    12 |    14 |    94 |   268 ||   388
       Punch             |     3 |       |    12 |       ||    15
 Fire: Hunting sling     |       |    54 |   130 |   102 ||   286
Throw: Throwing net      |     2 |       |       |       ||     2
       Dart              |       |     7 |     7 |     8 ||    22
       Javelin           |       |       |       |     2 ||     2
 Cast: Confusing Touch   |       |     3 |     5 |    18 ||    26
       Confuse           |       |       |       |     7 ||     7
Invok: Slouch            |       |       |       |     6 ||     6
Evoke: Wand              |       |       |     1 |     2 ||     3
  Use: Scroll            |       |       |    11 |     5 ||    16
       Potion            |       |       |     3 |     2 ||     5
 Stab: Held in net/web   |     1 |       |       |       ||     1
       Confused          |       |     1 |     4 |    14 ||    19
       Sleeping          |       |       |     2 |     1 ||     3
  Eat: Chunk             |     4 |     6 |    10 |    16 ||    36
Armor: Leather armour    |    51 |    28 |    78 |    59 ||   216
       Plate armour      |       |       |       |   144 ||   144
Dodge: Dodged            |    86 |    56 |   166 |   236 ||   544
Block: Buckler           |       |       |    13 |   284 ||   297
       Reflection        |       |       |       |     6 ||     6

Table legend:
 A = Non-vault XP
 B = Vault XP
 C = Vault XP percentage of total XP
 D = Non-vault monster count
 E = Vault monster count
 F = Vault count percentage of total count
                 A         B        C        D         E       F
            +---------+---------+-------+---------+---------+-------
      Total |   24573 |   11796 |  32.4 |     289 |      72 |  19.9
            +---------+---------+-------+---------+---------+-------
        D:1 |      55 |       0 |   0.0 |      29 |       0 |   0.0
        D:2 |      13 |       0 |   0.0 |       9 |       0 |   0.0
        D:3 |     212 |       5 |   2.3 |      17 |       3 |  15.0
        D:4 |     513 |      68 |  11.7 |      11 |      10 |  47.6
        D:5 |     726 |       0 |   0.0 |      32 |       0 |   0.0
        D:6 |     428 |     119 |  21.8 |      13 |       2 |  13.3
        D:7 |     664 |     172 |  20.6 |      21 |       1 |   4.5
        D:8 |    1387 |     449 |  24.5 |      35 |       1 |   2.8
        D:9 |    1254 |    1948 |  60.8 |      24 |      12 |  33.3
       D:10 |    3890 |     529 |  12.0 |      29 |      18 |  38.3
     Lair:1 |    5137 |     163 |   3.1 |      26 |       1 |   3.7
     Lair:2 |    3289 |    1449 |  30.6 |      14 |      10 |  41.7
     Lair:3 |    4290 |     835 |  16.3 |      14 |       4 |  22.2
     Lair:4 |    2715 |    6059 |  69.1 |      15 |      10 |  40.0
            +---------+---------+-------+---------+---------+-------
